 Dungeon Crawl Stone Soup version 0.26-a0-1164-g1a551d6a14 (webtiles) character file.

Game seed: 15245762014740042911

35 melloss the Sneak (level 3, -3/16 HPs)
             Began as a Spriggan Enchanter on Dec 23, 2020.
             Slain by a kobold
             ... wielding a +1 dagger of electrocution
              (19 damage)
             ... on level 1 of the Dungeon.
             The game lasted 00:07:01 (1531 turns).

melloss the Sneak (Spriggan Enchanter)              Turns: 1531, Time: 00:07:01

Health: -3/16      AC:  2    Str:  4    XL:     3   Next: 16%
Magic:  17/17      EV: 18    Int: 17    God:
Gold:   63         SH:  0    Dex: 16    Spells: 4/7 levels left

rFire    . . .     SeeInvis +   a - +1 dagger
rCold    . . .     Faith    .   (shield restricted)
rNeg     . . .     Spirit   .   b - +0 robe
rPois    .         Reflect  .   (helmet restricted)
rElec    .         Harm     .   (no cloak)
rCorr    .         Rampage  .   (gloves unavailable)
Will     .....                  (boots unavailable)
Stlth    +++.......             i - amulet of magic regeneration
HPRegen  0.05/turn              g - ring of magical power
MPRegen  0.40/turn              (no ring)

@: very quick
A: very small, unfitting armour, see invisible, speed 3
a: no special abilities


You were on level 1 of the Dungeon.
You visited 1 branch of the dungeon, and saw 2 of its levels.

You collected 63 gold pieces.

Inventory:

Hand Weapons
 a - a +1 dagger (weapon)
Missiles
 f - 8 poisoned darts
Armour
 b - a +0 robe (worn)
Jewellery
 g - a ring of magical power (left hand)
 i - an amulet of magic regeneration (around neck)
Scrolls
 c - 4 scrolls of identify {unknown}
 e - a scroll of teleportation {unknown}
Potions
 d - a potion of haste {unknown}
 h - a potion of ambrosia {unknown}
 j - a potion of cancellation {unknown}
 k - 2 potions of curing {unknown}


   Skills:
 + Level 2.1 Short Blades
 - Level 3.0 Dodging
 * Level 6.0 Stealth
 - Level 2.6 Spellcasting
 - Level 3.6 Hexes
 + Level 0.0 Ice Magic


You had 4 spell levels left.
You knew the following spells:

 Your Spells              Type           Power        Failure   Level
a - Corona                Hex            15%          4%          1
b - Ensorcelled Hibernat  Hex/Ice        16%          13%         2

Your spell library contained the following spells:

 Spells                   Type           Power        Failure   Level
 Confusing Touch          Hex            14%          12%         3
 Tukima's Dance           Hex            14%          12%         3
 Dazzling Flash           Conj/Hex       16%          26%         3


Dungeon Overview and Level Annotations

Branches:
Dungeon (2/15)

Altars:


Innate Abilities, Weirdness & Mutations

You are very small and have problems with some larger weapons.
You are too small for most types of armour.
You have supernaturally acute eyesight. (SInv)
You cover ground extremely quickly.


Message History

Found a robe.
You see here 26 arrows.
A hobgoblin comes into view. It is wielding a +0 club.
The helpless hobgoblin fails to defend itself.
You impale the hobgoblin!!
You kill the hobgoblin!
Your Stealth skill increases to level 6!
Things that are here:
a +0 club; a hobgoblin corpse A kobold comes into view.
It is wielding a +1 dagger of electrocution.
A bat comes into view.
The bat completely misses you. The bat hits you but does no damage.
The kobold shouts!
You hit the kobold.
The kobold is moderately wounded.
The bat closely misses you. The kobold hits you but does no damage.
You are electrocuted!!
Ouch! That really hurt!
You die...

.#.#...###.######........########
..>........................)....#
.......##########..........####.#
.......# #######.###.# #..
.......# ...# #.....# ##(
.......# #######.######### #.
.......# #.............# #.
.......# #.......##.#### ####.
####...# #....@..##.### #....
##### #...K...##...# ##.#..
#....b..####)# #..... #.......#
#.# #.##.( #.......# #.####.#...
######### #...##.#..# ###.##.#..#
#....#... #######.#


You could see a bat and a kobold.

Vanquished Creatures
  2 dart slugs (D:1)
  A leopard gecko (D:1)
  2 bats
  3 giant cockroaches (D:1)
  3 hobgoblins (D:1)
  5 jackals (D:1)
  6 kobolds (D:1)
  2 frilled lizards (D:1)
  A rat (D:1)
25 creatures vanquished.

Vanquished Creatures (others)
  A fungus (D:2)
  6 plants (D:2)
7 creatures vanquished.

Grand Total: 32 creatures vanquished

Notes
Turn   | Place    | Note
-------+----------+-------------------------------------------
     0 | D:1      | melloss the Spriggan Enchanter began the quest for the Orb.
     0 | D:1      | Reached XP level 1. HP: 9/9 MP: 5/5
   122 | D:1      | Reached skill level 5 in Stealth
   129 | D:1      | Reached XP level 2. HP: 11/13 MP: 4/6
   132 | D:1      | Learned a level 2 spell: Ensorcelled Hibernation
  1108 | D:1      | Reached XP level 3. HP: 7/16 MP: 8/8
  1519 | D:1      | Reached skill level 6 in Stealth
  1531 | D:1      | Slain by a kobold

Illustrated notes

Levels and vault maps discovered:
D:1:      minmay_arrival_jagged, layout_basic
D:2:      layout_basic, grunt_temple_overflow_forces_of_nature,
          cheibriados_altar_2

Skill      XL: |  1  2  3 |
---------------+----------+-----
Stealth        | 5 6 |  6.0
Short Blades   | 2 |  2.1
Dodging        | |  3.0
Spellcasting   | |  2.6
Hexes          | |  3.6

Action                   || total
-------------------------++-------
Melee: Dagger            ||   103
 Cast: Corona            ||     1
       Ensorcelled Hiber ||    25
 Stab: Sleeping          ||    17
Armor: Robe              ||    12
Dodge: Dodged            ||    99

Table legend: (Time is in decaauts)
 A = Elapsed time spent in this place.
 B = Non-inter-level travel time spent in this place.
 C = Inter-level travel time spent in this place.
 D = Time resting spent in this place.
 E = Time spent auto-exploring this place.
 F = Levels seen in this place.
 G = Mean time per level.
                   A        B        C        D        E       F      G
               +--------+--------+--------+--------+--------+-----+--------+
         Total |   1281 |   1281 |      0 |    641 |    241 |   2 |  640.5 |
       Dungeon |   1281 |   1281 |      0 |    641 |    241 |   2 |  640.5 |
               +--------+--------+--------+--------+--------+-----+--------+

Top non-repeatable levels by time:
     D:1: 785 daAuts
     D:2: 496 daAuts
